 Dungeon Crawl Stone Soup version 0.29.1-2-gbd0b4ee654 (webtiles) character file.

Game seed: 4311509437985579310

58 Avanven the Ruffian (level 3, -2/33 HPs)
             Began as a Troll Brigand on Nov 6, 2022.
             Slain by Terence
             ... wielding a +0 hand axe
              (14 damage)
             ... on level 2 of the Dungeon.
             The game lasted 00:01:31 (1047 turns).

Avanven the Ruffian (Troll Brigand)                 Turns: 1047, Time: 00:01:32

Health: -2/33      AC:  5    Str: 21    XL:     3   Next: 75%
Magic:  2/2        EV:  9    Int:  7    God:
Gold:   88         SH:  0    Dex: 11    Spells: 2/2 levels left

rFire   . . .      SeeInvis .     - Unarmed
rCold   . . .      Faith    .   (no shield)
rNeg    . . .      Spirit   .   b - +0 robe
rPois   .          Reflect  .   (helmet restricted)
rElec   .          Harm     .   c - +0 cloak
rCorr   .          Rampage  .   (gloves unavailable)
Will    .....                   (boots unavailable)
Stlth   ++........              (no amulet)
HPRegen 0.91/turn               (no ring)
MPRegen 0.08/turn               (no ring)

@: no status effects
A: large, unfitting armour, claws 3, regeneration 1, shaggy fur 1, tough skin 1
a: no special abilities


You were on level 2 of the Dungeon.
You visited 1 branch of the dungeon, and saw 2 of its levels.

You collected 88 gold pieces.

Inventory:

Hand Weapons
 a - a +2 dagger
Missiles
 d - 14 poisoned darts (quivered)
 e - 3 curare-tipped darts
Armour
 b - a +0 robe (worn)
 c - a +0 cloak (worn)
Jewellery
 h - a +6 ring of dexterity
Scrolls
 f - a scroll of identify {unknown}
 g - a scroll of noise {unknown}
 i - a scroll of fear {unknown}
 j - 3 scrolls of teleportation {unknown}
 n - a scroll of enchant weapon {unknown}
Potions
 k - a potion of invisibility {unknown}
 l - 2 potions of might {unknown}
 m - a potion of magic {unknown}
 o - a potion of attraction {unknown}
 p - a potion of curing {unknown}
 q - a potion of heal wounds {unknown}


   Skills:
 - Level 1.5 Fighting
 - Level 1.5 Short Blades
 - Level 1.7 Throwing
 - Level 0.7 Dodging
 - Level 2.1 Stealth
 + Level 3.4 Unarmed Combat


You had 2 spell levels left.
You didn't know any spells.
Your spell library was empty.

Dungeon Overview and Level Annotations

Branches:
Dungeon (2/15)

Altars:

Shops:
D:1 (

Annotations:
D:2 Terence


Innate Abilities, Weirdness & Mutations

You are too large for most types of armour.
You have claws for hands.
Your natural rate of healing is unusually fast.
You are covered in fur. (AC +1)
You have tough skin. (AC +1)


Message History

You see here a +0 cloak.
You now have 88 gold pieces (gained 14).
Found a ring mail.
An adder comes into view.
You see here a +0 ring mail.
Terence and a goblin come into view.
Terence is wielding a +0 hand axe and wearing a +2 chain mail of poison resistance.
The helpless adder fails to defend itself.
You scratch the adder.
The adder is heavily wounded.
The adder closely misses you.
You claw the adder!
You kill the adder!
The goblin shouts!
Terence shouts!
The goblin unwields a +0 dagger.
The goblin wields a +0 sling.
The goblin shoots a sling bullet.
The sling bullet barely misses you. Terence hits you with a +0 hand axe.
Terence barely misses you.
You barely miss Terence. Terence hits you with a +0 hand axe.
You scratch Terence but do no damage.
Terence drinks a potion.
Terence goes berserk!
You scratch Terence.
Terence is lightly wounded.
Terence barely misses you.
You scratch Terence but do no damage.
Terence is lightly wounded.
Terence closely misses you. Terence hits you with a +0 hand axe.
The goblin unwields a +0 sling.
The goblin wields a +0 dagger.
The goblin hits you with a +0 dagger.
You scratch Terence but do no damage.
Terence is lightly wounded.
Terence hits you with a +0 hand axe!
You barely miss Terence.
Terence is lightly wounded.
Terence barely misses you. The goblin hits you with a +0 dagger.
Terence hits you with a +0 hand axe.
You scratch Terence but do no damage.
Terence is lightly wounded.
The goblin misses you. Terence hits you with a +0 hand axe!
You die...

## #. #g #
#.####.####
#.#@@......
#.#g##.####
#......#
####.####
... #...[#
... ##.####
... #...#
... ##.##
... #.# ..


You could see Terence (berserk) and a goblin.

Vanquished Creatures
  Robin (D:2)
  An adder (D:2)
  4 endoplasms
  2 giant cockroaches (D:1)
  8 goblins
  7 hobgoblins
  4 kobolds (D:1)
  A ball python (D:2)
  A frilled lizard (D:1)
  3 rats (D:1)
32 creatures vanquished.

Notes
Turn   | Place    | Note
-------+----------+-------------------------------------------
     0 | D:1      | Avanven the Troll Brigand began the quest for the Orb.
     0 | D:1      | Reached XP level 1. HP: 19/19 MP: 0/0
    89 | D:1      | Reached skill level 1 in Unarmed Combat
   204 | D:1      | Found Igulef's Weapon Shoppe.
   275 | D:1      | Reached XP level 2. HP: 27/27 MP: 1/1
   344 | D:1      | Reached skill level 2 in Unarmed Combat
   888 | D:2      | Noticed Robin
   894 | D:2      | Killed Robin
   895 | D:2      | Reached skill level 3 in Unarmed Combat
   895 | D:2      | Reached XP level 3. HP: 30/33 MP: 2/2
  1036 | D:2      | Noticed Terence
  1047 | D:2      | Slain by Terence

Illustrated notes

Levels and vault maps discovered:
D:1:      lightli_arrival_windingriver, layout_loops_corners, serial_shops,
          shop_fountains
D:2:      layout_loops_cross, uniq_terence, uniq_robin, uniq_jessica

Skill      XL: |  1  2 |
---------------+-------+-----
Unarmed Combat | 1 3 |  3.4
Fighting       | |  1.5
Short Blades   | |  1.5
Throwing       | |  1.7
Dodging        | |  0.7
Stealth        | |  2.1

Action                   || total
-------------------------++-------
Melee: Unarmed           ||    84
       Punch             ||     2
 Stab: Sleeping          ||     2
Armor: Robe              ||    21
Dodge: Dodged            ||    38
